 Dungeon Crawl Stone Soup version 0.32-a0-699-g1ee5eff69a (webtiles) character file.

Game seed: 1858237510507820567

2 cforsyth the Firebug (level 1, -1/19 HPs)
             Began as a Mountain Dwarf Cinder Acolyte on Mar 13, 2024.
             Was a High Priest of Ignis.
             Slain by a kobold
             ... wielding a +0 dagger
              (2 damage)
             ... on level 1 of the Dungeon.
             The game lasted 00:00:21 (162 turns).

cforsyth the Firebug (Mountain Dwarf Cinder Acolyte) Turns: 162, Time: 00:00:22

Health: -1/19      AC:  2    Str: 16    XL:     1   Next: 33%
Magic:  2/2        EV: 10    Int: 14    God:    Ignis [*****.]
Gold:   29         SH:  0    Dex:  5    Spells: 2/2 levels left

rFire   + . .        a - -1 hand axe (flame)
rCold   . . .        (no shield)
rNeg    . . .        b - +0 robe
rPois   .            (no helmet)
rElec   .            (no cloak)
rCorr   .            (no gloves)
SInv    .            (no boots)
Will    .....        (no amulet)
Stlth   +            (no ring)
HPRegen 0.23/turn    (no ring)
MPRegen 0.08/turn

%: no passive effects
@: no status effects
A: runic magic, artefact enchanting
a: Renounce Religion, Fiery Armour, Foxfire Swarm, Rising Flame


You were on level 1 of the Dungeon.
You worshipped Ignis.
Ignis was extremely pleased with you.
You visited 1 branch of the dungeon, and saw 1 of its levels.

You collected 29 gold pieces.


Innate Abilities, Weirdness & Mutations

Your spellcasting is much less encumbered by armour.
You can use scrolls of enchantment on lesser artefacts.


   Skills:
 + Level 3.3 Fighting
 + Level 3.6 Axes
 + Level 0.1 Armour
 + Level 1.0 Spellcasting
 + Level 3.6 Fire Magic


You had 2 spell levels left.
You didn't know any spells.
Your spell library contained the following spells:

 Spells                   Type           Power      Damage    Failure   Level
 Scorch                   Fire           22%        2d5       9%          2

Inventory:

Hand Weapons
 a - a -1 hand axe of flaming (weapon)
Armour
 b - a +0 robe (worn)
Scrolls
 c - a scroll of blinking {unknown}
 d - a scroll of silence {unknown}

Dungeon Overview and Level Annotations

Branches:
Dungeon (1/15)

Altars:

Shops:
D:1

=
#...+§§§§.....<▓▓......#
#..§▓........▓#▓.......#
#...'.......▓▓§........#
#...▓▓▓▓▓▓▓▓▓♣♣♣♣...>#.#
#.#.▓ ##.[.........#
....##▓ #........#####
.#### #........#
#.......## ##..@..##
##.Kg## ##.## #.# #.#
.!. ... ...# ..B


You could see a goblin and a kobold.


Message History

The kobold shouts!
The goblin hits you with a +0 club. The goblin hits you with a +0 dagger.
You barely miss the goblin. You hit the goblin. You burn the goblin.
The goblin closely misses you. The goblin barely misses you.
Nothing quivered!
Nothing quivered!
The goblin hits you with a +0 dagger.
You barely miss the goblin.
The goblin is severely wounded.
You barely miss the goblin. The goblin hits you with a +0 club.
* * * LOW HITPOINT WARNING * * *
The goblin hits you with a +0 dagger.
* * * LOW HITPOINT WARNING * * *
You miss the goblin.
The goblin is severely wounded.
You closely miss the goblin. The goblin closely misses you.
The goblin hits you with a +0 dagger.
* * * LOW HITPOINT WARNING * * *
Unknown command.
You closely miss the goblin. x2; The goblin closely misses you.
The goblin hits you with a +0 dagger.
* * * LOW HITPOINT WARNING * * *
You slash the goblin! You burn the goblin.
You kill the goblin!
You barely miss the goblin. The goblin hits you with a +0 club.
* * * LOW HITPOINT WARNING * * *
You hit the kobold but do no damage. You completely miss the goblin.
The goblin barely misses you. The kobold hits you with a +0 dagger.
You die...
Ignis goes out, and joins you in death.

Action                     || total
---------------------------++-------
  Melee: Hand axe          ||     9
 Armour: Robe              ||    10
  Dodge: Dodged            ||     6

Levels and vault maps discovered:
D:1:      roadster_arrival_rocket_small, layout_loops_ring, serial_shops,
          nicolae_shop_back_alley_shop

Notes
Turn   | Place    | Note
-------+----------+-------------------------------------------
     0 | D:1      | cforsyth the Mountain Dwarf Cinder Acolyte began the quest
                  | for the Orb.
     0 | D:1      | Reached XP level 1. HP: 19/19 MP: 2/2
   113 | D:1      | Found Soujabar's Jewellery Emporium.
   161 | D:1      | HP: 1/19 [goblin/+0 club (4)]
   162 | D:1      | Slain by a kobold

Vanquished Creatures
  2 goblins (D:1)
2 creatures vanquished.

Table legend: (Time is in decaauts)
 A = Elapsed time spent in this place.
 B = Non-inter-level travel time spent in this place.
 C = Inter-level travel time spent in this place.
 D = Time resting spent in this place.
 E = Time spent auto-exploring this place.
 F = Levels seen in this place.
 G = Mean time per level.
                   A        B        C        D        E       F      G
               +--------+--------+--------+--------+--------+-----+--------+
         Total |    162 |    162 |      0 |      0 |    136 |   1 |  162.0 |
       Dungeon |    162 |    162 |      0 |      0 |    136 |   1 |  162.0 |
               +--------+--------+--------+--------+--------+-----+--------+

Top non-repeatable levels by time:
     D:1: 162 daAuts

Table legend:
 A = Non-vault XP
 B = Vault XP
 C = Vault XP percentage of total XP
 D = Non-vault monster count
 E = Vault monster count
 F = Vault count percentage of total count
                 A         B        C        D         E       F
            +---------+---------+-------+---------+---------+-------
      Total |       4 |       0 |   0.0 |       2 |       0 |   0.0
            +---------+---------+-------+---------+---------+-------
        D:1 |       4 |       0 |   0.0 |       2 |       0 |   0.0
            +---------+---------+-------+---------+---------+-------
